TOP OF THE 1ST |
Miami Beach Marlins batting - Pitching for Houston Colt .45's : LHP Manny Gonzales
|
Pitching: LHP Manny Gonzales
|
|
Batting: SHB Emmet Brickowski
|
0-0: SINGLE (Line Drive, 9LM, EV 105.0 MPH)
|
Batting: RHB Chris Harlow
|
0-0: Ball Emmet Brickowski is caught stealing 2nd base 2-4 1-0: Called Strike 1-1: Ball 2-1: Called Strike 2-2: Ball 3-2: Strikes out looking
|
Batting: LHB Luis Ortegon
|
0-0: Called Strike 0-1: Ball 1-1: Ball 2-1: Foul Ball, location: 2F 2-2: SINGLE (Groundball, 4MS, EV 65.0 MPH) (infield hit)
|
Batting: RHB Torquato Uso
|
0-0: Called Strike 0-1: Foul Ball, location: 2F 0-2: Foul Ball, location: 2F 0-2: Ball 1-2: Strikes out swinging
|
Top of the 1st over - 0 runs, 2 hits, 0 errors, 1 left on base; Miami Beach 0 - Houston 0 |
BOTTOM OF THE 1ST |
Houston Colt .45's batting - Pitching for Miami Beach Marlins : RHP Conrad Chasar
|
Pitching: RHP Conrad Chasar
|
|
Batting: RHB Bill Borden
|
0-0: Ball 1-0: Ball 2-0: Ball 3-0: Base on Balls
|
Batting: LHB Vecdi Hodensack
|
0-0: Called Strike Bill Borden is caught stealing 2nd base 2-6 0-1: Ball 1-1: Ground out 4-3 (Groundball, 34S, EV 86.2 MPH)
|
Batting: RHB Josh Reisner
|
0-0: Ball 1-0: Fly out, F8 (Flyball, 8RXD, EV 80.6 MPH)
|
Bottom of the 1st over - 0 runs, 0 hits, 0 errors, 0 left on base; Miami Beach 0 - Houston 0 |
TOP OF THE 2ND |
Miami Beach Marlins batting - Pitching for Houston Colt .45's : LHP Manny Gonzales
|
Batting: RHB Scott Talbot
|
0-0: Ball 1-0: Ball 2-0: Foul Ball, location: 2F 2-1: Ball 3-1: Base on Balls
|
Batting: RHB Jim Smallwood
|
0-0: Called Strike 0-1: Called Strike 0-2: Strikes out swinging
|
Batting: LHB Henry Huezo
|
0-0: Called Strike 0-1: Ball 1-1: Ball 2-1: Fielders Choice at 2nd, 5-4 (Groundball, 6, EV 88.8 MPH)
|
Batting: RHB Orlando Melendres
|
0-0: Ball 1-0: Ball 2-0: Ball 3-0: Called Strike 3-1: Fly out, F6 (Popup, 56, EV 56.9 MPH)
|
Top of the 2nd over - 0 runs, 0 hits, 0 errors, 1 left on base; Miami Beach 0 - Houston 0 |
BOTTOM OF THE 2ND |
Houston Colt .45's batting - Pitching for Miami Beach Marlins : RHP Conrad Chasar
|
Batting: LHB Bob Neale
|
0-0: Fly out, F8 (Flyball, 8RM, EV 76.9 MPH)
|
Batting: RHB Tim Williams
|
0-0: Ball 1-0: Called Strike 1-1: Ball 2-1: Swinging Strike 2-2: Strikes out swinging
|
Batting: RHB Fernando Acosta
|
0-0: Ground out 5-3 (Groundball, 56, EV 86.2 MPH)
|
Bottom of the 2nd over - 0 runs, 0 hits, 0 errors, 0 left on base; Miami Beach 0 - Houston 0 |
TOP OF THE 3RD |
Miami Beach Marlins batting - Pitching for Houston Colt .45's : LHP Manny Gonzales
|
Batting: RHB Hektor Luvian
|
0-0: Foul Ball, location: 2F 0-1: Foul Ball, location: 2F 0-2: Strikes out swinging
|
Batting: SHB Emmet Brickowski
|
0-0: Called Strike 0-1: Hit by Pitch
|
Batting: RHB Chris Harlow
|
0-0: Fly out, F8 (Flyball, 8RM, EV 91.2 MPH)
|
Batting: LHB Luis Ortegon
|
Pickoff Throw to First - Out! 1-3
|
Top of the 3rd over - 0 runs, 0 hits, 0 errors, 0 left on base; Miami Beach 0 - Houston 0 |
BOTTOM OF THE 3RD |
Houston Colt .45's batting - Pitching for Miami Beach Marlins : RHP Conrad Chasar
|
Batting: LHB Casper Significant
|
0-0: Ball 1-0: Called Strike 1-1: Foul Ball, location: 2F 1-2: Foul Ball, location: 2F 1-2: Strikes out swinging
|
Batting: RHB David Sanchez
|
0-0: Ball 1-0: Foul Ball, location: 2F 1-1: Called Strike 1-2: Ball 2-2: Strikes out looking
|
Batting: RHB Kenny Beall
|
0-0: Ball 1-0: Called Strike 1-1: Foul Ball, location: 2F 1-2: Strikes out swinging
|
Bottom of the 3rd over - 0 runs, 0 hits, 0 errors, 0 left on base; Miami Beach 0 - Houston 0 |
TOP OF THE 4TH |
Miami Beach Marlins batting - Pitching for Houston Colt .45's : LHP Manny Gonzales
|
Batting: LHB Luis Ortegon
|
0-0: Ball 1-0: Ball 2-0: Ball 3-0: Base on Balls
|
Batting: RHB Torquato Uso
|
0-0: Fly out, F8 (Flyball, 89D, EV 102.5 MPH)
|
Batting: RHB Scott Talbot
|
0-0: Called Strike 0-1: Foul Ball, location: 2F 0-2: Ball 1-2: Ball 2-2: Grounds into double play, 6-4-3 (Groundball, 6M, EV 86.2 MPH)
|
Top of the 4th over - 0 runs, 0 hits, 0 errors, 0 left on base; Miami Beach 0 - Houston 0 |
BOTTOM OF THE 4TH |
Houston Colt .45's batting - Pitching for Miami Beach Marlins : RHP Conrad Chasar
|
Batting: RHB Bill Borden
|
0-0: Ball 1-0: Fly out, F7 (Flyball, 7, EV 95.0 MPH)
|
Batting: LHB Vecdi Hodensack
|
0-0: Ball 1-0: Called Strike 1-1: Ground out U3 (Groundball, 3, EV 101.9 MPH)
|
Batting: RHB Josh Reisner
|
0-0: Ball 1-0: SOLO HOME RUN (Flyball, 9D, EV 98.8 MPH), Distance : 393 ft
|
Batting: LHB Bob Neale
|
0-0: Ball 1-0: Foul Ball, location: 2F 1-1: Swinging Strike 1-2: Ground out U3 (Groundball, 3, EV 109.4 MPH)
|
Bottom of the 4th over - 1 run, 1 hit, 0 errors, 0 left on base; Miami Beach 0 - Houston 1 |
TOP OF THE 5TH |
Miami Beach Marlins batting - Pitching for Houston Colt .45's : LHP Manny Gonzales
|
Batting: RHB Jim Smallwood
|
0-0: Ball 1-0: Called Strike 1-1: Called Strike 1-2: Ball 2-2: Strikes out looking
|
Batting: LHB Henry Huezo
|
0-0: Ball 1-0: Called Strike 1-1: Ball 2-1: Ball 3-1: Base on Balls
|
Batting: RHB Orlando Melendres
|
0-0: Ball 1-0: Foul Ball, location: 2F 1-1: Swinging Strike 1-2: Strikes out swinging
|
Batting: RHB Hektor Luvian
|
0-0: Foul Ball, location: 2F 0-1: Ball 1-1: Swinging Strike 1-2: Strikes out swinging
|
Top of the 5th over - 0 runs, 0 hits, 0 errors, 1 left on base; Miami Beach 0 - Houston 1 |
BOTTOM OF THE 5TH |
Houston Colt .45's batting - Pitching for Miami Beach Marlins : RHP Conrad Chasar
|
Batting: RHB Tim Williams
|
0-0: Ball 1-0: Swinging Strike 1-1: Ball 2-1: Ball 3-1: Foul Ball, location: 2F 3-2: Base on Balls
|
Batting: RHB Fernando Acosta
|
0-0: Called Strike 0-1: Called Strike 0-2: Fly out, F4 (Popup, 4MD, EV 58.8 MPH)
|
Batting: LHB Casper Significant
|
0-0: Called Strike 0-1: Fly out, F8 (Line Drive, 8LD, EV 89.4 MPH)
|
Batting: RHB David Sanchez
|
0-0: Reached on error, E6 (Groundball, 6, EV 103.1 MPH) Tim Williams to second
|
Batting: RHB Kenny Beall
|
0-0: SINGLE (Groundball, 56D, EV 108.1 MPH) Tim Williams to third David Sanchez to second Runner from 3rd tries for Home, SAFE, throw by LF to home
|
Batting: RHB Bill Borden
|
0-0: Fielders Choice at 2nd, 6-4 (Groundball, 6, EV 87.5 MPH)
|
Bottom of the 5th over - 1 run, 1 hit, 1 error, 2 left on base; Miami Beach 0 - Houston 2 |
TOP OF THE 6TH |
Miami Beach Marlins batting - Pitching for Houston Colt .45's : LHP Manny Gonzales
|
Batting: SHB Emmet Brickowski
|
0-0: Foul Ball, location: 2F 0-1: Foul Ball, location: 2F 0-2: Strikes out swinging
|
Batting: RHB Chris Harlow
|
0-0: Called Strike 0-1: Swinging Strike 0-2: Strikes out swinging
|
Batting: LHB Luis Ortegon
|
0-0: Ball 1-0: Ball 2-0: Called Strike 2-1: Ground out 4-3 (Groundball, 4D, EV 85.6 MPH)
|
Top of the 6th over - 0 runs, 0 hits, 0 errors, 0 left on base; Miami Beach 0 - Houston 2 |
BOTTOM OF THE 6TH |
Houston Colt .45's batting - Pitching for Miami Beach Marlins : RHP Conrad Chasar
|
Batting: LHB Vecdi Hodensack
|
0-0: Ground out U3 (Groundball, 3, EV 107.5 MPH)
|
Batting: RHB Josh Reisner
|
0-0: Swinging Strike 0-1: Ball 1-1: Swinging Strike 1-2: Fly out, F7 (Flyball, 7, EV 92.5 MPH)
|
Batting: LHB Bob Neale
|
0-0: Ball 1-0: Swinging Strike 1-1: Ball 2-1: Fly out, F8 (Flyball, 8LXD, EV 100.0 MPH)
|
Bottom of the 6th over - 0 runs, 0 hits, 0 errors, 0 left on base; Miami Beach 0 - Houston 2 |
TOP OF THE 7TH |
Miami Beach Marlins batting - Pitching for Houston Colt .45's : LHP Manny Gonzales
|
Pitching: RHP Rory Mozer
|
|
Batting: RHB Torquato Uso
|
0-0: Swinging Strike 0-1: Ball 1-1: Called Strike 1-2: SOLO HOME RUN (Flyball, 78XD, EV 108.1 MPH), Distance : 423 ft
|
Batting: RHB Scott Talbot
|
0-0: Foul Ball, location: 2F 0-1: Ball 1-1: Ball 2-1: Ball 3-1: Called Strike 3-2: Ground out 4-3 (Groundball, 34, EV 97.5 MPH)
|
Pinch Hitting: RHB Melvin Nava
|
0-0: Ball 1-0: Foul Ball, location: 2F 1-1: Foul Ball, location: 2F 1-2: Fly out, F8 (Flyball, 8RD, EV 95.6 MPH)
|
Batting: LHB Henry Huezo
|
0-0: Ball 1-0: Foul Ball, location: 2F 1-1: Ball 2-1: SINGLE (Line Drive, 7S, EV 103.1 MPH)
|
Batting: RHB Orlando Melendres
|
0-0: Called Strike 0-1: Foul Ball, location: 2F 0-2: Ball 1-2: Strikes out looking
|
Top of the 7th over - 1 run, 2 hits, 0 errors, 1 left on base; Miami Beach 1 - Houston 2 |
BOTTOM OF THE 7TH |
Houston Colt .45's batting - Pitching for Miami Beach Marlins : RHP Conrad Chasar
|
Now in LF: Melvin Nava
|
|
Now in CF: Henry Huezo
|
|
Batting: RHB Tim Williams
|
0-0: Swinging Strike 0-1: Foul Ball, location: 2F 0-2: Ball 1-2: Ball 2-2: Strikes out swinging
|
Batting: RHB Fernando Acosta
|
0-0: Ground out 4-3 (Groundball, 4M, EV 106.2 MPH)
|
Batting: LHB Casper Significant
|
0-0: Ball 1-0: Ball 2-0: Fly out, F7 (Flyball, 78XD, EV 111.2 MPH)
|
Bottom of the 7th over - 0 runs, 0 hits, 0 errors, 0 left on base; Miami Beach 1 - Houston 2 |
TOP OF THE 8TH |
Miami Beach Marlins batting - Pitching for Houston Colt .45's : RHP Rory Mozer
|
Pinch Hitting: LHB Takao Ogura
|
0-0: Ball 1-0: Swinging Strike 1-1: Swinging Strike 1-2: Strikes out swinging
|
Batting: SHB Emmet Brickowski
|
0-0: Fly out, F8 (Flyball, 8LD, EV 80.6 MPH)
|
Pinch Hitting: RHB Troy Bush
|
0-0: Foul Ball, location: 2F 0-1: Ball 1-1: Swinging Strike 1-2: Foul Ball, location: 2F 1-2: Ball 2-2: SINGLE (Groundball, 56D, EV 111.9 MPH)
|
Pitching: LHP Frank Vazquez
|
|
Pinch Runner at 1st Francisco Valenzuela:
|
|
Batting: LHB Luis Ortegon
|
0-0: Fielders Choice at 2nd, 6-4 (Groundball, 6, EV 86.2 MPH)
|
Top of the 8th over - 0 runs, 1 hit, 0 errors, 1 left on base; Miami Beach 1 - Houston 2 |
BOTTOM OF THE 8TH |
Houston Colt .45's batting - Pitching for Miami Beach Marlins : RHP Conrad Chasar
|
Now at 1B: Kazumi Inouye
|
|
Now at SS: Corbin Chauvin
|
|
Batting: RHB David Sanchez
|
0-0: Ball 1-0: Ball 2-0: Foul Ball, location: 2F 2-1: Called Strike 2-2: Strikes out looking
|
Batting: RHB Kenny Beall
|
0-0: Called Strike 0-1: SINGLE (Line Drive, 7LS, EV 106.2 MPH)
|
Batting: RHB Bill Borden
|
0-0: Ball 1-0: Called Strike 1-1: SINGLE (Groundball, 56, EV 109.4 MPH) Kenny Beall to second
|
Batting: LHB Vecdi Hodensack
|
0-0: Foul Ball, location: 2F 0-1: Ball 1-1: 3-RUN HOME RUN (Flyball, 9D, EV 97.5 MPH), Distance : 371 ft
|
Pitching: RHP Freddie Robe
|
|
Batting: RHB Josh Reisner
|
0-0: Ground out U3 (Groundball, 13, EV 78.8 MPH)
|
Batting: LHB Bob Neale
|
0-0: Ball 1-0: Called Strike 1-1: Ball 2-1: Ball 3-1: Foul Ball, location: 2F 3-2: Strikes out swinging
|
Bottom of the 8th over - 3 runs, 3 hits, 0 errors, 0 left on base; Miami Beach 1 - Houston 5 |
TOP OF THE 9TH |
Miami Beach Marlins batting - Pitching for Houston Colt .45's : LHP Frank Vazquez
|
Pitching: LHP Shane Robinson
|
|
Batting: RHB Torquato Uso
|
0-0: Ball 1-0: Called Strike 1-1: Fly out, F7 (Line Drive, 7S, EV 105.0 MPH)
|
Batting: RHB Scott Talbot
|
0-0: Ball 1-0: Foul Ball, location: 2F 1-1: Called Strike 1-2: Foul Ball, location: 2F 1-2: Ball 2-2: Ball 3-2: Fly out, F7 (Flyball, 7LS, EV 90.6 MPH)
|
Batting: RHB Melvin Nava
|
0-0: Ball 1-0: Foul Ball, location: 2F 1-1: Called Strike 1-2: Strikes out looking
|
Top of the 9th over - 0 runs, 0 hits, 0 errors, 0 left on base; Miami Beach 1 - Houston 5 |
|